 Dungeon Crawl Stone Soup version 0.28-a0-1339-ga5422284a4 (webtiles) character file.

Game seed: 12579819387957206903

60 rogsnak the Gusty (level 3, -1/24 HPs)
             Began as a Demonspawn Air Elementalist on Dec 28, 2021.
             Killed from afar by an orc wizard (7 damage)
             ... with a magic dart
             ... on level 1 of the Dungeon.
             The game lasted 00:03:53 (1789 turns).

rogsnak the Gusty (Demonspawn Air Elementalist)     Turns: 1789, Time: 00:03:53

Health: -1/24      AC:  3    Str:  8    XL:     3   Next: 80%
Magic:  1/6        EV: 12    Int: 18    God:
Gold:   28         SH:  0    Dex: 15    Spells: 6/7 levels left

rFire   . . .      SeeInvis .   j - +0 mace
rCold   . . .      Faith    .   (no shield)
rNeg    . . .      Spirit   .   a - +0 robe
rPois   .          Reflect  .   (no helmet)
rElec   .          Harm     .   (no cloak)
rCorr   .          Rampage  .   d - +0 pair of gloves
Will    .....                   (no boots)
Stlth   +++.......              (no amulet)
HPRegen 0.08/turn               (no ring)
MPRegen 0.10/turn               (no ring)

@: no status effects
A: thin skeletal structure 1
a: no special abilities


You were on level 1 of the Dungeon.
You visited 1 branch of the dungeon, and saw 2 of its levels.

You collected 28 gold pieces.

Inventory:

Hand Weapons
 b - a +0 club
 g - a +0 hand axe
 j - a +0 mace (weapon)
Missiles
 c - 54 stones
Armour
 a - a +0 robe (worn)
 d - a +0 pair of gloves (worn)
 i - a +1 leather armour of willpower
Scrolls
 k - a scroll of fog {unknown}
 m - a scroll of identify {unknown}
 n - a scroll of noise {unknown}
 o - a scroll of fear {unknown}
 p - a scroll of immolation
Potions
 e - 2 potions of curing {unknown}
 f - a potion of lignification {unknown}
 h - a potion of haste {unknown}
 l - a potion of heal wounds {unknown}


   Skills:
 + Level 0.1 Fighting
 + Level 2.1 Dodging
 - Level 1.7 Stealth
 + Level 2.5 Spellcasting
 * Level 1.7 Conjurations
 + Level 3.4 Air Magic


You had 6 spell levels left.
You knew the following spells:

 Your Spells              Type           Power      Damage    Failure   Level
a - Shock                 Conj/Air       44%        1d5       6%          1

Your spell library contained the following spells:

 Spells                   Type           Power      Damage    Failure   Level
 Static Discharge         Conj/Air       11%        N/A       9%          2
 Swiftness                Air            14%        N/A       12%         3
 Corpse Rot               Necr/Air       16%        N/A       13%         2
 Poisonous Vapours        Pois/Air       16%        N/A       13%         2
 Airstrike                Air            7%         N/A       38%         4


Dungeon Overview and Level Annotations

Branches:
Dungeon (2/15)

Altars:


Innate Abilities, Weirdness & Mutations

You have a somewhat thin skeletal structure. (Dex +2, Stealth+)


Message History

You kill the orc!
The zap hits the orc.
The orc is heavily wounded.
The orc wizard hits you with a +0 dagger.
Casting: Shock (safe; 6% risk of failure)
Confirm with . or Enter, or press ? or * to list all spells.
Aiming: Shock (safe; 6% risk of failure)
Press: ? - help, Shift-Dir - straight line, f/p - orc wizard
Aim: an orc wizard, wielding a +0 dagger and wearing a +0 robe (severely wounded, 60% to hit)
You miscast Shock.
You are very lightly contaminated with residual magic.
Nothing appears to happen.
The orc wizard hits you with a +0 dagger.
Unknown command.
The orc wizard casts a spell at you.
You are confused.
In your confused state, you trip and fall back down the stairs.
The orc wizard casts a spell at you. You resist with significant effort.
The orc wizard hits you with a +0 dagger.
In your confused state, you trip and fall back down the stairs.
* * * LOW HITPOINT WARNING * * *
The orc wizard casts a spell.
The orc wizard flickers and vanishes!
Something hits you.
* * * LOW HITPOINT WARNING * * *
In your confused state, you trip and fall back down the stairs.
* * * LOW HITPOINT WARNING * * *
You feel less confused. Something hits you but does no damage.
Your magical contamination has completely faded away.
Something hits you but does no damage.
You climb upwards.
Reactivating autopickup.
There is a stone staircase leading down here.
Unknown command.
A magic dart appears from out of thin air!
Deactivating autopickup; reactivate with Ctrl-A.
The magic dart hits you!
You die...

...............###.##############
...............# #.# ##...
...#####.###...# #.# #....
...#####.###...###[# #.###
#####..............# #.#..
#####..............# #.#.#
...##..†...........# #.#.#
...########........##########.#.#
................@..#..........#.#
...##############>............#.#
................+{............#.#
...##############.......).....#.#
...## #...............# ....#
##########.........##.# ###.##
#.......##.........##.# #.#..#
##.......##.........##.# ...#.#
#........#############.#


There were no monsters in sight!

Vanquished Creatures
  An adder (D:2)
  A dart slug (D:2)
  3 orcs (D:2)
  3 ball pythons (D:1)
  5 endoplasms (D:1)
  A giant cockroach (D:1)
  3 hobgoblins
  4 jackals (D:1)
  5 kobolds (D:1)
  A quokka (D:2)
  2 bats (D:1)
  A frilled lizard (D:2)
  6 goblins
  6 rats
42 creatures vanquished.

Notes
Turn   | Place    | Note
-------+----------+-------------------------------------------
     0 | D:1      | rogsnak the Demonspawn Air Elementalist began the quest for
                  | the Orb.
     0 | D:1      | Reached XP level 1. HP: 13/13 MP: 3/3
   188 | D:1      | Gained mutation: You have a somewhat thin skeletal
                  | structure. (Dex +2, Stealth+) [demonic ancestry]
   188 | D:1      | Reached XP level 2. HP: 14/19 MP: 0/5
   332 | D:1      | You fall into a shaft and drop 1 floor!
   414 | D:2      | Reached skill level 3 in Air Magic
   639 | D:2      | Reached XP level 3. HP: 24/24 MP: 2/6
  1149 | D:1      | Found a faded altar of an unknown god.
  1789 | D:1      | Killed from afar by an orc wizard

Illustrated notes

Levels and vault maps discovered:
D:1:      psy_arrival_dodecagon, layout_basic, hellmonk_ecumenical_altar_blasted
D:2:      minmay_wonky_spiral, layout_loops_corners, basic_altar,
          kennysheep_generic_room_5

Skill      XL: |  1  2 |
---------------+-------+-----
Dodging        | 2 |  2.1
Air Magic      | 3 |  3.4
Fighting       | |  0.1
Stealth        | |  1.7
Spellcasting   | |  2.5
Conjurations   | |  1.7

Action                   || total
-------------------------++-------
Melee: Club              ||     9
       Hand axe          ||    10
 Cast: Shock             ||    74
Armor: Robe              ||    11
Dodge: Dodged            ||    19

Table legend: (Time is in decaauts)
 A = Elapsed time spent in this place.
 B = Non-inter-level travel time spent in this place.
 C = Inter-level travel time spent in this place.
 D = Time resting spent in this place.
 E = Time spent auto-exploring this place.
 F = Levels seen in this place.
 G = Mean time per level.
                   A        B        C        D        E       F      G
               +--------+--------+--------+--------+--------+-----+--------+
         Total |   1794 |   1766 |     28 |    260 |   1207 |   2 |  897.0 |
       Dungeon |   1794 |   1766 |     28 |    260 |   1207 |   2 |  897.0 |
               +--------+--------+--------+--------+--------+-----+--------+

Top non-repeatable levels by time:
     D:1: 1344 daAuts
     D:2: 450 daAuts
